 Dungeon Crawl Stone Soup version 0.26-a0-611-g354ed81502 (webtiles) character file.

Game seed: 11774017413944388336

5221 Mitsuki the Protected (level 10, -6/91 HPs)
             Began as a Minotaur Fighter on Sept 4, 2020.
             Was a Follower of the Shining One.
             Mangled by a swamp worm (17 damage)
             ... on level 1 of the Lair of Beasts on Sept 6, 2020.
             The game lasted 00:25:18 (7962 turns).

Mitsuki the Protected (Minotaur Fighter)            Turns: 7962, Time: 00:25:19

Health: -6/91      AC: 13    Str: 22    XL:     10   Next: 35%
Magic:  12/12      EV:  8    Int:  7    God:    the Shining One [*.....]
Gold:   648        SH: 16    Dex: 10    Spells: 9/9 levels left

rFire    . . .     SeeInvis .   D - +0 scimitar
rCold    + . .     Faith    .   c - +0 kite shield
rNeg     . . .     Spirit   .   b - +0 scale mail
rPois    +         Reflect  +   (helmet restricted)
rElec    .         Harm     .   B - +0 cloak
rCorr    .                      y - +1 pair of gloves
MR       .....                  E - +0 pair of boots
Stlth    ..........             j - amulet of reflection
HPRegen  0.25/turn              r - ring of protection from cold
MPRegen  0.13/turn              C - ring of poison resistance

@: glowing, very slow
A: retaliatory headbutt, horns 2
a: Renounce Religion


You were on level 1 of the Lair of Beasts.
You worshipped the Shining One.
The Shining One was aware of your devotion.
You visited 3 branches of the dungeon, and saw 10 of its levels.
You also visited: Ossuary and Volcano.

You collected 648 gold pieces.

Inventory:

Hand Weapons
 D - a +0 scimitar (weapon)
Armour
 b - a +0 scale mail (worn)
 c - a +0 kite shield (worn)
 y - a +1 pair of gloves (worn)
 B - a +0 cloak (worn)
 E - a +0 pair of boots (worn)
 I - the -1 pair of boots "Zoinutro" {+Fly rN++ Int-5 Dex-3 Slay+3}
   (You found it on level 8 of the Dungeon)

   It affects your intelligence (-5).
   It affects your dexterity (-3).
   It affects your accuracy and damage with ranged weapons and melee attacks
   (+3).
   It greatly protects you from negative energy.
   It lets you fly.
Jewellery
 j - an amulet of reflection (around neck)
 r - a ring of protection from cold (left hand)
 w - an uncursed amulet of regeneration
 C - a ring of poison resistance (right hand)
 M - a +6 ring of strength
Wands
 H - a wand of digging (6)
Scrolls
 a - a scroll of silence {unknown}
 d - 2 scrolls of enchant weapon {unknown}
 f - 2 scrolls of noise {unknown}
 g - 4 scrolls of remove curse
 h - 3 scrolls of fear
 m - 4 scrolls of teleportation {unknown}
 p - a scroll of magic mapping {unknown}
 q - a scroll of random uselessness {unknown}
 s - a scroll of amnesia {unknown}
 K - a scroll of immolation {unknown}
Potions
 e - 2 potions of flight {unknown}
 i - 2 potions of haste {unknown}
 k - 3 potions of resistance
 l - a potion of stabbing {unknown}
 o - 2 potions of lignification
 t - 3 potions of brilliance {unknown}
 u - 3 potions of mutation
 v - a potion of cancellation {unknown}
 x - 2 potions of curing
 z - a potion of invisibility {unknown}
 A - 3 potions of magic {unknown}
 J - a potion of berserk rage {unknown}
Miscellaneous
 n - a phantom mirror
 F - a tin of tremorstones (3/3)


   Skills:
 + Level 9.3 Fighting
 + Level 9.0 Long Blades
 + Level 9.4 Armour
 + Level 9.3 Shields
 + Level 4.7 Invocations
 + Level 2.2 Evocations


You had 9 spell levels left.
You didn't know any spells.
Your spell library contained the following spells:

 Spells                   Type           Power        Failure   Level
 Sandblast                Erth           #.....       91%         1
 Passwall                 Tmut/Erth      #.......     97%         2
 Poisonous Vapours        Pois/Air       #.....       97%         2
 Confusing Touch          Hex            #.......     100%        3
 Conjure Flame            Conj/Fire      #.......     100%        3
 Gell's Gravitas          Tloc           #.........   100%        3
 Mephitic Cloud           Conj/Pois/Air  #.......     100%        3
 Stone Arrow              Conj/Erth      #.....       100%        3
 Petrify                  Tmut/Erth      #.......     100%        4
 Lee's Rapid Deconstruct  Erth           #.........   100%        5
 Metabolic Englaciation   Hex/Ice        #.........   100%        5
 Yara's Violent Unravell  Hex/Tmut       #.........   100%        5
 Freezing Cloud           Conj/Ice/Air   #.........   100%        6


Dungeon Overview and Level Annotations

Branches:
Dungeon (8/15)             Temple (1/1) D:4            Lair (1/6) D:8
Ossuary (visited)         Volcano (visited)

Altars:
Ashenzari
Cheibriados
Dithmenos
Elyvilon
Fedhas
Gozag
Hepliaklqana
Kikubaaqudgha
Makhleb
Nemelex Xobeh
Okawaru
Qazlal
Ru
Sif Muna
Trog
Uskayaw
Vehumet
Wu Jian
Xom
Yredelemnul
Zin
The Shining One

Annotations:
D:3 2 transporters, lilly's ghost, amateur MiMo


Innate Abilities, Weirdness & Mutations

You reflexively headbutt those who attack you in melee.
You have a pair of horns on your head.


Message History

You block the swamp worm's attack. The swamp worm barely misses you.
Your unstable footing causes you to fumble your attack.
You block the swamp worm's attack.
Your unstable footing causes you to fumble your attack.
The swamp worm bites you.
* * * LOW HITPOINT WARNING * * *
You take 3 damage, and have 14/91 hp.
You slash the swamp worm!
The swamp worm is almost dead.
You block the swamp worm's attack.
You hit the swamp worm but do no damage.
The swamp worm is almost dead.
You block the swamp worm's attack.
Your unstable footing causes you to fumble your attack.
The swamp worm bites you but does no damage.
The swamp worm bites you!
* * * LOW HITPOINT WARNING * * *
You take 10 damage, and have 4/91 hp.
It was a potion of curing.
You feel better. The swamp worm bites you!
You die...

#........##
#.........#
##...≈≈≈≈≈..#
#P..≈≈≈≈≈≈≈.#
##..≈≈P≈P≈≈.#
##.≈≈##w##≈≈#
#P≈≈≈#?≈(#≈≈≈#
#≈≈w##≈≈≈# ≈≈#
#.@≈# ≈≈≈= ≈≈#
#.≈≈## ##
#.≈≈≈# #..≈≈#
#...≈≈#
#.#.≈≈≈≈
#...[≈≈≈≈≈
......)..#
..).##P.##


You could see a swamp worm.

Vanquished Creatures
  A cane toad (Lair:1)
  A molten gargoyle (Volcano)
  3 gargoyles (Volcano)
  A hippogriff (D:8)
  A wraith (D:7)
  A basilisk (D:7)
  Menkaure (Ossuary)
  A porcupine (Lair:1)
  2 orc warriors (D:6)
  2 sky beasts
  A phantom (D:4)
  4 ogres
  A crocodile (Lair:1)
  2 centaurs (D:8)
  An elf zombie (Ossuary)
  A wyvern zombie (D:7)
  5 bullfrogs
  3 scorpions
  A howler monkey (D:7)
  2 jellies
  2 centaur zombies
  2 hounds (D:4)
  2 quasits
  Crazy Yiuf (D:6)
  3 bullfrog skeletons
  A human zombie (Ossuary)
  4 orc priests
  5 orc wizards
  2 iguanas
  6 worker ants
  4 ogre zombies (Ossuary)
  A big kobold zombie (Ossuary)
  A hound skeleton (D:8)
  7 mummies
  A worker ant zombie (D:6)
  11 gnolls
  8 adders
  2 white imps
  3 ufetubi
  3 adder zombies
  3 adder skeletons (D:8)
  3 worms
  A leopard gecko (D:2)
  22 orcs
  7 giant cockroaches
  A gnoll zombie (Ossuary)
  7 hobgoblins
  16 jackals
  12 kobolds
  6 quokkas
  2 ball pythons
  A ball python zombie (D:5)
  8 bats
  2 frilled lizards
  A giant cockroach zombie (D:5)
  7 goblins
  2 goblin zombies (Ossuary)
  4 hobgoblin zombies
  A jackal zombie (D:5)
  5 kobold zombies
  A leopard gecko zombie (D:5)
  An orc zombie (Ossuary)
  A quokka skeleton (D:6)
  6 quokka zombies (Ossuary)
  5 rats
  3 rat zombies (Ossuary)
232 creatures vanquished.

Vanquished Creatures (others)
  2 plants (Lair:1)
2 creatures vanquished.

Grand Total: 234 creatures vanquished

Notes
Turn   | Place    | Note
-------+----------+-------------------------------------------
     0 | D:1      | Mitsuki the Minotaur Fighter began the quest for the Orb.
     0 | D:1      | Reached XP level 1. HP: 19/19 MP: 0/0
   226 | D:1      | Reached XP level 2. HP: 21/27 MP: 1/1
   873 | D:1      | Reached XP level 3. HP: 33/33 MP: 2/2
  1648 | D:2      | Reached XP level 4. HP: 23/40 MP: 3/3
  2182 | D:2      | Reached XP level 5. HP: 47/47 MP: 4/4
  2290 | D:3      | Reached skill level 5 in Armour
  2299 | D:3      | Reached skill level 5 in Fighting
  2299 | D:3      | Reached skill level 5 in Shields
  2692 | D:3      | Found a transporter.
  2695 | D:3      | Noticed lilly's ghost (amateur MiMo)
  2696 | D:3      | Found a transporter.
  2696 | D:3      | Noticed an ogre
  2700 | D:3      | Identified the cursed +1 dire flail "Nipheob" {vorpal, MR+}
  2700 | D:3      | Noticed an ogre
  2950 | D:3      | Found a bloodstained altar of Trog.
  3153 | D:4      | Found a staircase to the Ecumenical Temple.
  3153 | D:4      | Noticed a phantom
  3161 | Temple   | Entered the Ecumenical Temple
  3267 | D:4      | Found a hazy altar of Hepliaklqana.
  3267 | D:4      | Found a snail-covered altar of Cheibriados.
  3271 | D:4      | Killed a phantom
  3271 | D:4      | Reached XP level 6. HP: 43/56 MP: 5/5
  3834 | D:4      | Reached skill level 5 in Long Blades
  3834 | D:4      | Reached XP level 7. HP: 52/62 MP: 6/6
  4090 | D:4      | Found a shimmering altar of Xom.
  4552 | D:5      | Entered Level 5 of the Dungeon
  4698 | D:5      | Found a sand-covered staircase.
  4706 | Ossuary  | Entered an ossuary
  5086 | Ossuary  | Reached XP level 8. HP: 59/71 MP: 7/7
  5115 | Ossuary  | Noticed Menkaure
  5122 | Ossuary  | Killed Menkaure
  5565 | D:6      | Found a glowing golden altar of the Shining One.
  5571 | D:6      | Became a worshipper of the Shining One
  5679 | D:6      | Reached skill level 1 in Invocations
  5960 | D:6      | Found a runed translucent door.
  5961 | D:6      | Noticed Crazy Yiuf
  6076 | D:6      | Found a shattered altar of Ashenzari.
  6152 | D:6      | Killed Crazy Yiuf
  6253 | D:7      | Reached XP level 9. HP: 77/80 MP: 9/9
  6346 | D:7      | Upgraded the game from 0.26-a0-610-g3e9335bbc7 to
                  | 0.26-a0-611-g354ed81502
  6351 | D:7      | Reached * piety under the Shining One
  6799 | D:7      | Found an opulent altar of Gozag.
  6861 | D:7      | Got a sparkling bronze ring
  6862 | D:7      | Identified the ring of Xuemoe {Fire Int+2 Dex+2 Stlth+}
                  | (You found it on level 7 of the Dungeon)
  7153 | D:8      | Got a pair of heavily runed boots
  7263 | D:8      | Identified the -1 pair of boots "Zoinutro" {+Fly rN++ Int-5
                  | Dex-3 Slay+3} (You found it on level 8 of the Dungeon)
  7292 | D:8      | Found an ancient bone altar of Kikubaaqudgha.
  7352 | D:8      | Found a staircase to the Lair.
  7361 | Lair:1   | Entered Level 1 of the Lair of Beasts
  7433 | Lair:1   | Noticed a cane toad
  7443 | Lair:1   | Killed a cane toad
  7443 | Lair:1   | Reached skill level 1 in Evocations
  7443 | Lair:1   | Reached XP level 10. HP: 91/91 MP: 12/12
  7451 | Lair:1   | Found a dark tunnel.
  7471 | Volcano  | Entered a volcano
  7474 | Volcano  | Noticed a gargoyle
  7474 | Volcano  | Reached ** piety under the Shining One
  7488 | Volcano  | Killed a gargoyle
  7618 | Volcano  | Noticed a gargoyle
  7627 | Volcano  | Killed a gargoyle
  7735 | Volcano  | Noticed a gargoyle
  7744 | Volcano  | Killed a gargoyle
  7782 | Volcano  | Noticed a molten gargoyle
  7789 | Volcano  | Killed a molten gargoyle
  7961 | Lair:1   | HP: 4/91 [swamp worm (11)]
  7962 | Lair:1   | Mangled by a swamp worm

Illustrated notes

Levels and vault maps discovered:
D:1:      wheals_arrival_linesprint, layout_loops_ring
D:2:      layout_loops_cross, corexii_corridor_pit, minmay_misc_feat_diagonals
D:3:      layout_loops_ring, nicolae_overflow_crystal_walls,
          gammafunk_ghost_smash
D:4:      layout_gridville, grunt_temple_overflow_open, old_standard_altar,
          minmay_temple_entry_junction_2
D:5:      layout_rooms, nicolae_ossuary_entry_giza
D:6:      layout_gridville, old_standard_altar, cheibrodos_ashenzari_chains,
          uniq_crazy_yiuf_cottage
D:7:      layout_rooms, kennysheep_mini, minmay_the_grid_2x2
          [minmay_the_grid_large_cup, minmay_the_grid_spikes,
          minmay_the_grid_doors, minmay_the_grid_prize_trominoes]
D:8:      layout_basic, kennysheep_little_box, lair_entry_dummy
Temple:   eino_temple_lava
Lair:1:   layout_big_grid, nicolae_volcano_entry_lava_flow, worms_lemuel,
          serial_bayou_shore_a

Skill      XL: |  1  2  3  4  5  6  7  8  9 10 |
---------------+-------------------------------+-----
Armour         | 4 5 6 7 9 |  9.4
Fighting       | 4 5 6 7 9 |  9.3
Shields        | 4 5 6 7 9 |  9.3
Long Blades    | 3 4 5 6 7 8 9 |  9.0
Invocations    | 2 4 |  4.7
Evocations     | 1 2 |  2.2

Action                   |  1- 3 |  4- 6 |  7- 9 | 10-12 || total
-------------------------+-------+-------+-------+-------++-------
Melee: Long sword        |   113 |   152 |   264 |       ||   529
       Headbutt          |    18 |    29 |    87 |     8 ||   142
       Scimitar          |       |       |   196 |    34 ||   230
Invok: Divine Shield     |       |       |       |     1 ||     1
  Use: Potion            |       |       |     1 |     2 ||     3
       Scroll            |       |       |     9 |     1 ||    10
Armor: Scale mail        |    47 |    70 |   157 |     4 ||   278
Dodge: Dodged            |    34 |    26 |   131 |     2 ||   193
Block: Kite shield       |    66 |    74 |   231 |    18 ||   389
       Reflection        |       |       |     4 |     5 ||     9
       Rpst.: Long sword |     9 |     7 |    20 |       ||    36
       Scimitar          |       |       |    12 |       ||    12

Table legend: (Time is in decaauts)
 A = Elapsed time spent in this place.
 B = Non-inter-level travel time spent in this place.
 C = Inter-level travel time spent in this place.
 D = Time resting spent in this place.
 E = Time spent auto-exploring this place.
 F = Levels seen in this place.
 G = Mean time per level.
                   A        B        C        D        E       F      G
               +--------+--------+--------+--------+--------+-----+--------+
         Total |   8099 |   7799 |    300 |    109 |   5855 |  12 |  674.9 |
       Dungeon |   6827 |   6597 |    230 |    105 |   5036 |   8 |  853.4 |
        Temple |    142 |    140 |      2 |      0 |    107 |   1 |  142.0 |
          Lair |    167 |     99 |     68 |      0 |     30 |   1 |  167.0 |
       Ossuary |    523 |    523 |      0 |      0 |    325 |   1 |  523.0 |
       Volcano |    437 |    437 |      0 |      4 |    357 |   1 |  437.0 |
               +--------+--------+--------+--------+--------+-----+--------+

Top non-repeatable levels by time:
     D:4: 1283 daAuts
     D:2: 1163 daAuts
     D:1: 1084 daAuts
     D:3: 959 daAuts
     D:7: 702 daAuts
     D:6: 612 daAuts
     D:5: 544 daAuts
 Ossuary: 523 daAuts
     D:8: 476 daAuts
 Volcano: 437 daAuts
  Lair:1: 167 daAuts
  Temple: 142 daAuts
